Map: Ultralove

Players

wootwoot

  • Race: Terran Terran
  • League: Diamond
  • Spawn Location: 7:00

Htw - Winner!

  • Race: Zerg Zerg
  • League: Diamond
  • Spawn Location: 1:00

VOD

Have the link to the VOD?

Description

Time

  • Played on: April 23, 2025, 4:53 a.m.
  • Length: 4:32
Show
View Real Time Build Order
Export as new Build Order

wootwoot Terran 

Build Orders:  

Get SALT Encoding   

  12  0:00  SCV  
  13  0:12  SCV  
  14  0:22  Supply Depot  
  14  0:24  SCV  
  15  0:45  Barracks  
  15  0:53  Barracks  
  15  1:06  Barracks  
  15  1:10  SCV  
  16  1:32  Marine, Barracks  
  17  1:40  Marine  
  17  1:49  Marine  
  18  1:55  Supply Depot  
  18  1:56  Marine  
  18  1:57  Marine  
  20  2:07  Marine  
  21  2:14  Marine  
  22  2:15  Marine  
  22  2:19  Marine  
  24  2:25  Marine  
  25  2:32  Marine  
  25  2:33  Marine  
  24  2:37  Marine  
  24  2:43  Marine  
  24  2:50  Marine  
  24  2:51  Marine  
  23  2:55  Marine  
  25  3:01  Marine  
  26  3:08  Marine  
  26  3:09  Marine  
  28  3:13  Marine  
  28  3:18  Marine  
  28  3:35  Marine  
  12  4:07  Marine  
Show
View Real Time Build Order
Export as new Build Order

Htw Zerg - Winner!

Build Orders: Hatch First 

Get SALT Encoding   

  12  0:00  Drone  
  13  0:13  Overlord  
  13  0:17  Drone  
  14  0:31  Drone  
  14  0:32  Drone  
  16  0:49  Hatchery  
  15  0:54  Drone x2  
  17  0:58  Drone  
  18  1:12  Spawning Pool  
  18  1:15  Extractor  
  16  1:31  Overlord  
  17  1:59  Zergling x2  
  17  2:00  Zergling x4  
  17  2:01  Queen x2  
  20  2:04  Spine Crawler  
  20  2:07  Zergling x2  
  24  2:11  Zergling x2  
  25  2:18  Spine Crawler  
  25  2:20  Zergling x2  
  25  2:28  Zergling x4  
  22  2:44  Zergling x2  
  22  2:45  Zergling x4  
  22  2:48  Zergling x2  
  24  2:51  Extractor  
  24  2:53  Drone  
  24  3:00  Drone  
  25  3:05  Drone x2  
  27  3:14  Drone x2  
  27  3:15  Drone  
  30  3:25  Drone x2  
  32  3:35  Zergling x8  
  32  3:40  Zergling x2  
  31  3:50  Zergling x2  
  27  3:58  Zergling x4  
  20  4:04  Zergling x2  
  17  4:11  Zergling x2  
  17  4:14  Zergling x2  
Tags
 
Matchup
TvZ
Replay Pack
#1B2M-Replays
Spawn Locations
Cross Positions
Add a new tag
Caveats
  • Supply blocks, unpowered buildings, or Contaminate may cause inaccurate times.
  • Supply counts are checked every 10 seconds.